 Dungeon Crawl Stone Soup version 0.25-a0-734-g73332aeda9 (webtiles) character file.

Game seed: 8392911021728907642, levelgen mode: deterministic

554 ReteAZ the Conjurer (level 7, -2/46 HPs)
             Began as a Human Wizard on Apr 10, 2020.
             Slain by a yak (10 damage)
             ... on level 5 of the Dungeon.
             The game lasted 00:10:24 (5295 turns).

ReteAZ the Conjurer (Human Wizard)                  Turns: 5295, Time: 00:10:25

Health: -2/46      AC:  3    Str:  8    XL:     7   Next: 55%
Magic:  1/13       EV: 12    Int: 20    God:
Gold:   171        SH:  0    Dex: 11    Spells: 7/15 levels left

rFire    . . .     SeeInvis .   f - +0 short sword (flame)
rCold    . . .     Gourm    .   (no shield)
rNeg     . . .     Faith    .   a - +0 robe
rPois    .         Spirit   .   b - +0 hat
rElec    .         Reflect  .   i - +0 cloak (curse)
rCorr    .         Harm     .   (no gloves)
MR       .....                  (no boots)
Stlth    ++........             (no amulet)
HPRegen  0.15/turn              (no ring)
MPRegen  0.13/turn              (no ring)

@: no status effects
A: no striking features
a: no special abilities


You were on level 5 of the Dungeon.
You were not hungry.

You visited 1 branch of the dungeon, and saw 5 of its levels.

You collected 171 gold pieces.

Inventory:

Hand Weapons
 e - a +0 dagger
 f - a +0 short sword of flaming (weapon)
Missiles
 j - 5 curare-tipped darts (quivered)
 l - 27 poisoned darts
Armour
 a - a +0 robe (worn)
 b - a +0 hat (worn)
 i - a cursed +0 cloak (worn)
Jewellery
 h - a cursed ring of teleportation {unknown}
 n - an uncursed amulet of the gourmand {unknown}
Wands
 s - a wand of acid (8)
Scrolls
 k - 5 scrolls of identify {unknown}
 m - a scroll of noise {unknown}
 p - a scroll of enchant weapon {unknown}
 t - 2 scrolls of remove curse {unknown}
 v - a scroll of random uselessness {unknown}
Potions
 c - 2 potions of haste
 o - a potion of curing
Comestibles
 d - 7 rations
 g - 8 chunks of flesh


   Skills:
 - Level 2.0 Dodging
 - Level 2.0 Stealth
 + Level 4.5 Spellcasting
 * Level 5.3 Conjurations
 - Level 3.2 Summonings
 - Level 1.0 Translocations
 + Level 0.8 Air Magic
 + Level 0.8 Poison Magic


You had 7 spell levels left.
You knew the following spells:

 Your Spells              Type           Power        Failure   Level  Hunger
a - Magic Dart            Conj           ####         1%          1    None
b - Blink                 Tloc           N/A          12%         2    #......
c - Call Imp              Summ           ###.....     4%          2    #......
d - Mephitic Cloud        Conj/Pois/Air  ##......     14%         3    ##.....

Your spell library contained the following spells:

 Spells                   Type           Power        Failure   Level  Hunger
 Conjure Flame            Conj/Fire      ###.....     12%         3    ##.....
 Slow                     Hex            #.......     19%         2    #......


Dungeon Overview and Level Annotations

Branches:
Dungeon (5/15)
 Temple: D:4-7

Altars:
Fedhas
Hepliaklqana
Ru
Uskayaw
Wu Jian
Xom
Yredelemnul
Zin

Shops:
D:5 [

Annotations:
D:3 3 runed translucent doors, anet's ghost, amateur GnWr


Message History

Press: ? - help, Shift-Dir - straight line, f/p - yak
Aim: a yak (lightly wounded)
The magic dart hits the yak but does no damage.
The yak is lightly wounded.
The yak gores you!
* * * LOW HITPOINT WARNING * * *
Casting: Magic Dart (safe; 1% risk of failure)
Confirm with . or Enter, or press ? or * to list all spells.
Aiming: Magic Dart (safe; 1% risk of failure)
Press: ? - help, Shift-Dir - straight line, f/p - yak
Aim: a yak (lightly wounded)
The magic dart hits the yak.
The yak is lightly wounded.
The yak gores you.
* * * LOW HITPOINT WARNING * * *
Unknown command.
Your crimson imp hits the yak but does no damage. x2
Your crimson imp blinks!
The yak gores you!
You die...

................................
##...............##..#.........#
##.########......##.......#.##.#
...###### #......##..........# #
........###......##.......#..#
.........##......##.......#..#
..........#....5.##.#.##..# ##
......._..#......##.#. ...
...(.._8_.#...÷.@#
.#.#..._..#...5Y.##
.#.##........§..))#.#
##.#####....†.......# ##.#
#######.#...5# ##.. #.#.#.##
#### ....#... # #######... #
.#..


You could see a yak and 3 friendly crimson imps.

Vanquished Creatures
  An ice beast (D:5)
  A centaur skeleton (D:5)
  2 hounds
  A worker ant (D:5)
  A hound skeleton (D:4)
  A gnoll (D:5)
  5 adders
  An adder zombie (D:5)
  2 adder skeletons (D:4)
  A worm (D:2)
  2 dart slugs
  3 leopard geckos
  5 orcs (D:4)
  3 ball pythons
  4 giant cockroaches
  4 goblins
  3 hobgoblins
  2 quokkas (D:4)
  5 frilled lizards
  2 kobolds
  4 rats
53 creatures vanquished.

Vanquished Creatures (collateral kills)
  A sky beast (D:5)
  A scorpion (D:4)
  A hound (D:4)
  A bullfrog skeleton (D:4)
  A gnoll shaman (D:5)
  3 worker ants
  6 gnolls (D:5)
  An orc (D:3)
  A hobgoblin (D:3)
16 creatures vanquished.

Grand Total: 69 creatures vanquished

Notes
Turn   | Place    | Note
-------+----------+-------------------------------------------
     0 | D:1      | ReteAZ the Human Wizard began the quest for the Orb.
     0 | D:1      | Reached XP level 1. HP: 13/13 MP: 4/4
   228 | D:1      | Reached XP level 2. HP: 16/19 MP: 3/6
   799 | D:1      | Reached skill level 2 in Conjurations
  1118 | D:2      | Reached XP level 3. HP: 23/24 MP: 0/7
  1122 | D:2      | Learned a level 2 spell: Blink
  1125 | D:2      | Learned a level 2 spell: Call Imp
  1295 | D:2      | Found a hazy altar of Hepliaklqana.
  1496 | D:2      | Found a glowing silver altar of Zin.
  1939 | D:3      | Reached XP level 4. HP: 30/30 MP: 2/9
  2073 | D:3      | Found a runed translucent gate.
  2073 | D:3      | Found a runed translucent gate.
  2073 | D:3      | Found a runed translucent gate.
  2305 | D:3      | Noticed anet's ghost (amateur GnWr)
  2393 | D:3      | Found a blossoming altar of Fedhas.
  2628 | D:4      | Reached skill level 3 in Conjurations
  2884 | D:4      | Reached XP level 5. HP: 35/35 MP: 5/10
  3644 | D:4      | Reached skill level 4 in Conjurations
  3644 | D:4      | Reached XP level 6. HP: 25/41 MP: 6/11
  3796 | D:4      | Found a basalt altar of Yredelemnul.
  3884 | D:4      | HP: 2/41 [poisoned by a worker ant]
  4494 | D:5      | Entered Level 5 of the Dungeon
  4530 | D:5      | Found Adakoese's Antique Armour Shop.
  4531 | D:5      | Noticed an ice beast
  4553 | D:5      | Killed an ice beast
  4747 | D:5      | Noticed a sky beast
  4763 | D:5      | Killed a sky beast
  4763 | D:5      | Reached skill level 5 in Conjurations
  4763 | D:5      | Reached XP level 7. HP: 12/46 MP: 3/13
  4768 | D:5      | Learned a level 3 spell: Mephitic Cloud
  5123 | D:5      | Found a shimmering altar of Xom.
  5123 | D:5      | Found an ornate altar of the Wu Jian Council.
  5126 | D:5      | Found a sacrificial altar of Ru.
  5126 | D:5      | Found a hide-covered altar of Uskayaw.
  5239 | D:5      | Noticed a yak
  5244 | D:5      | Noticed a yak
  5246 | D:5      | Noticed a yak
  5295 | D:5      | Slain by a yak

Levels and vault maps discovered:
D:1:      kennysheep_arrival_seaside, layout_basic,
          chequers_serial_rivers_small_b
D:2:      layout_basic, overflow_temple_1_default, lemuel_crystal_altar,
          uniq_natasha
D:3:      layout_basic, fedhas_altar_4, gammafunk_ghost_icy,
          chequers_serial_rivers_micro_b, serial_bayou_pond_e, grunt_decor_cap,
          palyth_stone_intersect, minmay_misc_feat_enclosed
D:4:      minmay_general_purpose_star, layout_basic, kennysheep_little_box,
          first_ration
D:5:      layout_basic, chequers_temple_overflow_statue_of_worship,
          serial_shops, shop

Skill      XL: |  1  2  3  4  5  6 |
---------------+-------------------+-----
Conjurations   | 2 3 4 5 |  5.3
Summonings     | 2 3 |  3.2
Spellcasting   | 4 |  4.5
Dodging        | |  2.0
Stealth        | |  2.0
Translocations | |  1.0
Air Magic      | |  0.8
Poison Magic   | |  0.8

Action                   |  1- 3 |  4- 6 |  7- 9 || total
-------------------------+-------+-------+-------++-------
Melee: Unarmed           |     2 |       |       ||     2
       Dagger            |    12 |     6 |       ||    18
       Short sword       |       |    39 |    15 ||    54
Throw: Dart              |     1 |       |       ||     1
 Cast: Magic Dart        |    68 |    82 |    24 ||   174
       Call Imp          |     2 |    19 |    11 ||    32
  Use: Potion            |       |     6 |       ||     6
 Stab: Distracted        |       |     2 |       ||     2
  Eat: Chunk             |     3 |     6 |     1 ||    10
       Ration            |       |     1 |       ||     1
Armor: Robe              |     8 |    11 |     1 ||    20
Dodge: Dodged            |    17 |    63 |    21 ||   101

Table legend:
 A = Non-vault XP
 B = Vault XP
 C = Vault XP percentage of total XP
 D = Non-vault monster count
 E = Vault monster count
 F = Vault count percentage of total count
                 A         B        C        D         E       F
            +---------+---------+-------+---------+---------+-------
      Total |     760 |      32 |   4.0 |      67 |       2 |   2.9
            +---------+---------+-------+---------+---------+-------
        D:1 |      20 |       0 |   0.0 |      11 |       0 |   0.0
        D:2 |      48 |       0 |   0.0 |      13 |       0 |   0.0
        D:3 |      13 |       0 |   0.0 |       7 |       0 |   0.0
        D:4 |     235 |      32 |  12.0 |      19 |       2 |   9.5
        D:5 |     444 |       0 |   0.0 |      17 |       0 |   0.0
            +---------+---------+-------+---------+---------+-------
